 Dungeon Crawl Stone Soup version 0.18.1-48-g4cf74bf (webtiles) character file.

45 RickumRackum the Sneak (level 3, 0/20 HPs)
             Began as a Kobold Wizard on Aug 26, 2016.
             Slain by a jackal (1 damage)
             ... on level 2 of the Dungeon.
             The game lasted 00:16:34 (2374 turns).

RickumRackum the Sneak (Kobold Wizard)              Turns: 2374, Time: 00:16:35

Health: 0/20       AC:  2    Str:  5    XL:     3   Next: 90%
Magic:  7/7        EV: 15    Int: 16    God:
Gold:   98         SH:  0    Dex: 15    Spells: 2 memorised, 5 levels left

rFire  . . .     SeeInvis .     e - +0 dagger
rCold  . . .     Gourm    .     a - +0 robe
rNeg   . . .     Faith    .     (shield restricted)
rPois  .         Spirit   .     b - +0 hat
rElec  .         Dismiss  .     (no cloak)
rCorr  .         Reflect  .     (no gloves)
SustAt .         Harm     .     (no boots)
MR     .....                    (no amulet)
Stlth  +++.......               (no ring)
                                (no ring)

@: not resistant to hostile enchantments, fairly stealthy
A: carnivore 3
a: no special abilities


You were on level 2 of the Dungeon.
You were very full.

You visited 1 branch of the dungeon, and saw 3 of its levels.

You collected 98 gold pieces.

Inventory:

Hand Weapons
 e - a +0 dagger (weapon)
Missiles
 i - 86 stones (quivered)
Armour
 a - a +0 robe (worn)
 b - a +0 hat (worn)
Jewellery
 h - a cursed ring of teleportation {unknown}
Scrolls
 f - a scroll of identify {unknown}
 g - a scroll of enchant weapon {unknown}
 j - 2 scrolls of remove curse
Books
 c - a book of Minor Magic

   Spells                             Type                      Level
   a - Magic Dart                     Conjuration                  1
   b - Blink                          Translocation                2
   c - Call Imp                       Summoning                    2
   d - Repel Missiles                 Charms/Air                   2
   e - Slow                           Hexes                        2
   f - Conjure Flame                  Conjuration/Fire             3
   g - Mephitic Cloud                 Conjuration/Poison/Air       3
Comestibles
 d - a meat ration


   Skills:
 - Level 0.9 Fighting
 - Level 2.8 Dodging
 - Level 3.3 Stealth
 + Level 3.3 Spellcasting
 - Level 0.8 Conjurations
   Level 1.0 Summonings
 * Level 2.0 Translocations


You had 5 spell levels left.
You knew the following spells:

 Your Spells              Type           Power        Failure   Level  Hunger
a - Magic Dart            Conj           #...         14%         1    None
b - Blink                 Tloc           N/A          14%         2    ##.....


Dungeon Overview and Level Annotations

Branches:
Dungeon (3/15)

Altars:
The Shining One

Annotations:
D:2 Terence


Innate Abilities, Weirdness & Mutations

You are small and have problems with some larger weapons.
You are carnivorous and can eat meat at any time.


Message History

The jackal bites you.
* * * LOW HITPOINT WARNING * * *
The gnoll shouts! x2
The jackal bites you.
* * * LOW HITPOINT WARNING * * *
The gnoll shouts!
The jackal bites you but does no damage.
The jackal misses you. The jackal closely misses you.
You see here 7 gold pieces.
The jackal barely misses you. The jackal barely misses you.
The jackal completely misses you. The jackal barely misses you.
The jackal completely misses you. The jackal misses you. The jackal bites you.
* * * LOW HITPOINT WARNING * * *
The jackal bites you.
You die...

.....# #...@.##.#
.....+ #.###.##.#
..g..# #.#......#
.....# #.#.#.####
.....#######@#.#.#
.....#....h..# #.#
.....#'#####.# #.#
...(.........# #.#
.............# #@#
.............# #h#
...$.w.......# #.#
##....g#+##### #J#
#...g.# #.#
#.....# #@#
#...gw#########.#
##...gg.g..@J...#
#...############


You could see Terence, an ooze and a jackal.

Vanquished Creatures
  An adder (D:2)
  A giant gecko (D:2)
  5 bats
  2 giant cockroaches (D:1)
  6 goblins
  8 hobgoblins
  4 kobolds
  4 giant newts
  3 rats (D:1)
34 creatures vanquished.

Notes
Turn   | Place    | Note
--------------------------------------------------------------
     0 | D:1      | RickumRackum the Kobold Wizard began the quest for the Orb.
     0 | D:1      | Reached XP level 1. HP: 10/10 MP: 4/4
   179 | D:1      | Reached XP level 2. HP: 13/16 MP: 1/6
   188 | D:1      | Learned a level 2 spell: Blink
   747 | D:1      | Reached XP level 3. HP: 20/20 MP: 1/7
   898 | D:1      | Found a glowing golden altar of the Shining One.
  2219 | D:2      | Noticed Terence
  2246 | D:2      | HP: 1/20 [Terence/falchion (7)]
  2348 | D:2      | HP: 1/20 [jackal (1)]
  2371 | D:2      | HP: 1/20 [jackal (1)]
  2374 | D:2      | Slain by a jackal

Skill      XL: |  1  2  3 |
---------------+----------+-----
Stealth        | 3 |  3.3
Translocations | 2 |  2.0
Fighting       | |  0.9
Dodging        | |  2.8
Spellcasting   | |  3.3
Conjurations   | |  0.8
Summonings     | |  1.0

Action                   || total
-------------------------++-------
Melee: Spear             ||    42
       Dagger            ||    41
       Short sword       ||     2
 Cast: Magic Dart        ||    82
       Blink             ||     5
  Use: Scroll            ||     2
       Potion            ||     3
  Eat: Chunk             ||    11
Armor: Robe              ||     8
Dodge: Dodged            ||    69
